Vancouver Canucks vs Washington Capitals
Created - Tuesday, August 27, 2024 at 07:06
Goals
|
| Vancouver Canucks |
4 |
1 |
1 |
6 |
| Washington Capitals |
1 |
3 |
0 |
4 |
|
Shots
|
| Vancouver Canucks |
13 |
9 |
19 |
41 |
| Washington Capitals |
10 |
10 |
14 |
34 |
|
1st period
1. Vancouver Canucks , Mikko Rantanen 2 (Aleksander Barkov 2, Robby Fabbri 1) at 13:53
2. Vancouver Canucks , Clayton Keller 1 (Kasperi Kapanen 1, Nathan Smith 1) at 16:13
3. Washington Capitals , Jason Robertson 1 (Alex Ovechkin 5, Nico Hischier 2) at 16:25
4. Vancouver Canucks , Taylor Raddysh 1 (Jake Bean 1, Justin Schultz 1) at 19:28
5. Vancouver Canucks , Artturi Lehkonen 4 (Casey Mittelstadt 5) at 19:43
Penalties :
Mikko Rantanen (VAN) for Tripping (Minor) at 3:35
2nd period
6. Washington Capitals , Brad Marchand 6 (Thomas Harley 3, Michael McLeod 2) at 12:23 (SH)
7. Washington Capitals , Derek Ryan 2 (Fabian Zetterlund 3, Thomas Harley 4) at 13:15 (SH)
8. Vancouver Canucks , Noah Hanifin 1 (Aleksander Barkov 3, Mikko Rantanen 4) at 13:27 (PP)
9. Washington Capitals , Alex Ovechkin 1 (David Savard 3, Nico Hischier 3) at 13:41
Penalties :
Casey Mittelstadt (VAN) for Unsportsmanlike conduct (Minor) at 2:03, Robby Fabbri (VAN) for High sticking (Minor) at 6:21, David Savard (WSH) for Roughing (Minor) at 12:12, Miro Heiskanen (VAN) for Roughing (Minor) at 13:49
3rd period
10. Vancouver Canucks , Casey Mittelstadt 5 (Artturi Lehkonen 2, Taylor Raddysh 2) at 4:06 (PP)
Penalties :
Ian Cole (WSH) for Interference (Minor) at 2:16, Brad Marchand (WSH) for Interference (Minor) at 8:38
Goalie Stats
Justus Annunen (VAN), 30 saves from 34 shots - (0.882), W, 2-2-0, 60:00 minutes
Jake Oettinger (WSH), 35 saves from 41 shots - (0.854), L, 3-4-0, 60:00 minutes
Players Stats for Vancouver Canucks
Player Name G A P +/- PIM S H SB GA TA FO MP PP MP PK MP
------------------------------------------------------------------------------------
Adam Boqvist 0 0 0 0 0 2 1 0 0 1 0/0 18:33 2:26 3:56
Aleksander Barkov 0 2 2 -1 0 6 2 0 0 3 13/26 19:22 2:42 4:10
Anton Lundell 0 0 0 0 0 1 3 0 2 0 1/1 16:18 0:00 0:15
Artturi Lehkonen 1 1 2 -1 0 4 3 0 0 1 0/2 20:41 2:22 3:53
Casey Mittelstadt 1 1 2 -1 2 5 1 0 3 0 12/20 18:31 2:22 0:53
Clayton Keller 1 0 1 0 0 3 2 0 0 0 0/0 12:07 2:42 0:00
Jacob Bryson 0 0 0 0 0 0 0 1 0 0 0/0 12:19 0:00 0:26
Jake Bean 0 1 1 2 0 4 2 3 0 2 0/0 16:14 0:00 0:38
Jesperi Kotkaniemi 0 0 0 1 0 0 2 0 0 0 3/7 10:36 0:00 0:00
Jesse Ylonen 0 0 0 0 0 0 3 0 0 0 0/0 12:00 0:00 0:00
Justin Schultz 0 1 1 2 0 3 0 0 0 0 0/0 22:04 2:26 3:56
Kasperi Kapanen 0 1 1 1 0 1 0 0 1 0 0/0 8:37 0:00 0:00
Mikko Rantanen 1 1 2 -1 2 1 2 0 1 1 1/1 18:31 2:42 2:53
Miro Heiskanen 0 0 0 -2 2 2 2 2 1 0 0/0 25:16 2:38 3:01
Nathan Smith 0 1 1 1 0 0 1 0 1 0 3/7 8:37 0:00 0:00
Noah Hanifin 1 0 1 -2 0 4 0 0 0 2 0/0 25:39 2:38 3:55
Robby Fabbri 0 1 1 1 2 3 1 0 0 0 0/0 10:35 0:00 0:00
Taylor Raddysh 1 1 2 0 0 2 1 0 1 0 2/3 16:00 2:22 3:48
Players Stats for Washington Capitals
Player Name G A P +/- PIM S H SB GA TA FO MP PP MP PK MP
------------------------------------------------------------------------------------
Alex Ovechkin 1 1 2 1 0 6 1 0 3 0 0/1 22:45 4:25 0:00
Brad Marchand 1 0 1 0 2 4 1 2 1 0 0/0 14:10 0:00 2:23
David Savard 0 1 1 0 2 2 1 3 0 0 0/0 22:39 2:50 2:25
Derek Ryan 1 0 1 -1 0 2 0 2 0 1 4/6 7:49 0:00 0:42
Drake Batherson 0 0 0 0 0 0 2 0 2 0 0/2 10:41 0:18 0:16
Fabian Zetterlund 0 1 1 -1 0 0 0 1 0 0 0/0 9:38 0:48 1:37
Ian Cole 0 0 0 -2 2 1 1 1 0 0 0/0 14:12 0:00 0:50
Jamie Oleksiak 0 0 0 2 0 0 0 0 0 0 0/0 18:30 0:00 3:40
Jason Robertson 1 0 1 1 0 2 2 0 0 0 1/2 22:41 4:26 0:00
John Carlson 0 0 0 0 0 2 0 3 0 0 0/0 21:18 5:06 0:00
Jordan Kyrou 0 0 0 -1 0 2 1 1 0 0 0/0 13:49 2:47 0:00
Michael McLeod 0 1 1 1 0 0 0 2 0 1 6/12 13:58 0:11 3:22
Nick Foligno 0 0 0 -1 0 1 1 0 0 1 5/10 15:22 2:50 0:52
Nico Hischier 0 2 2 1 0 10 2 0 3 1 15/30 22:58 4:25 0:12
Owen Tippett 0 0 0 0 0 1 1 1 0 1 1/4 12:13 2:47 0:00
Thomas Harley 0 2 2 2 0 0 0 4 0 3 0/0 26:17 5:06 1:49
Vladislav Gavrikov 0 0 0 -2 0 1 0 1 0 2 0/0 17:02 2:50 1:24
Yegor Chinakhov 0 0 0 -2 0 0 0 0 1 0 0/0 8:51 0:51 0:44
3 Stars
1 - Artturi Lehkonen (VAN)
2 - Taylor Raddysh (VAN)
3 - Alex Ovechkin (WSH)
Power Play
Vancouver Canucks - 2 on 3 Attempt(s) - 66.67%
Washington Capitals - 0 on 4 Attempt(s) - 0.00%
Penalty Kill
Vancouver Canucks - 4 on 4 Attempt(s) - 100.00%
- Score 0 goal in Penalty Kill
Washington Capitals - 1 on 3 Attempt(s) - 33.33%
- Score 2 goal in Penalty Kill
Team Stat
Vancouver Canucks - Hits : 26 - Faceoff Wins : 35 - Blocked Shots : 6 - Penalty Minutes : 8
Washington Capitals - Hits : 13 - Faceoff Wins : 32 - Blocked Shots : 21 - Penalty Minutes : 6
Official
Referees : Ian Walsh and Francis Charron
Linesman : Jonathan Deschamps and Dan Kelly
Game Notes
No Game Note
Finance
Level 1 -- Attendance: 5945 (99.08%) -- Ticket Income $564,775
Level 2 -- Attendance: 4422 (88.44%) -- Ticket Income $243,210
Level 3 -- Attendance: 3000 (100.00%) -- Ticket Income $99,000
Level 4 -- Attendance: 4714 (94.28%) -- Ticket Income $103,708
Luxury Box -- Attendance: 1000 (100.00%) -- Ticket Income $195,000
Game was played at the Verizon Center.
Total Attendance: 19081 (95.41%)
Total Ticket Income: $1,205,693
Other Income: $421,993
Total Income: $1,627,686
Vancouver Canucks
5 vs 5 Forward
Center Left Wing Right Wing Time % Phy DF OF
1 Casey Mittelstadt Anton Lundell Artturi Lehkonen 30 1 2 2
2 Aleksander Barkov Jesse Ylonen Mikko Rantanen 30 1 2 2
3 Jesperi Kotkaniemi Robby Fabbri Taylor Raddysh 25 1 2 2
4 Nathan Smith Kasperi Kapanen Clayton Keller 15 1 2 2
5 vs 5 Defense
Defense Defense Time % Phy DF OF
1 Noah Hanifin Miro Heiskanen 30 1 2 2
2 Justin Schultz Jake Bean 30 1 2 2
3 Jacob Bryson Adam Boqvist 25 1 2 2
4 Noah Hanifin Miro Heiskanen 15 1 2 2
PowerPlay Forward
Center Left Wing Right Wing Time % Phy DF OF
1 Aleksander Barkov Clayton Keller Mikko Rantanen 50 1 2 2
2 Casey Mittelstadt Artturi Lehkonen Taylor Raddysh 50 1 2 2
PowerPlay Defense
Defense Defense Time % Phy DF OF
1 Noah Hanifin Miro Heiskanen 50 1 2 2
2 Adam Boqvist Justin Schultz 50 1 2 2
Penalty Kill 4 Players Forward
Center Wing Time % Phy DF OF
1 Aleksander Barkov Artturi Lehkonen 50 1 2 2
2 Mikko Rantanen Taylor Raddysh 50 1 2 2
Penalty Kill 4 Players Defense
Defense Defense Time % Phy DF OF
1 Noah Hanifin Miro Heiskanen 50 1 2 2
2 Justin Schultz Adam Boqvist 50 1 2 2
Penalty Kill - 3 Players Forward
Forward Time % Phy DF OF
1 Aleksander Barkov 50 1 2 2
2 Artturi Lehkonen 50 1 2 2
Penalty Kill - 3 Players Defense
Defense Defense Time % Phy DF OF
1 Noah Hanifin Miro Heiskanen 50 1 2 2
2 Jake Bean Adam Boqvist 50 1 2 2
4 vs 4 Forward
Center Wing Time % Phy DF OF
1 Casey Mittelstadt Mikko Rantanen 50 1 2 2
2 Aleksander Barkov Artturi Lehkonen 50 1 2 2
4 vs 4 Defense
Defense Defense Time % Phy DF OF
1 Noah Hanifin Miro Heiskanen 50 1 2 2
2 Justin Schultz Adam Boqvist 50 1 2 2
Last Minutes Offensive
Center Left Wing Right Wing Defense Defense
Aleksander Barkov Clayton Keller Mikko Rantanen Noah Hanifin Miro Heiskanen
Last Minutes Defensive
Center Left Wing Right Wing Defense Defense
Aleksander Barkov Clayton Keller Mikko Rantanen Noah Hanifin Miro Heiskanen
Goaltenders
Starting : Justus Annunen
Backup : Joonas Korpisalo
Extra Forwards
Normal : Aleksander Barkov, Anton Lundell, Mikko Rantanen - PP : Aleksander Barkov, Anton Lundell - PK : Aleksander Barkov
Extra Defensemen
Normal : Miro Heiskanen, Noah Hanifin, Adam Boqvist - PP : Noah Hanifin - PK : Miro Heiskanen, Noah Hanifin
Penalty Shots
Aleksander Barkov, Mikko Rantanen, Anton Lundell, Artturi Lehkonen, Casey Mittelstadt
Scratches
Ty Dellandrea (Healthy), Jacob Bernard-Docker (Healthy), Oskar Back (Healthy), Ville Husso (Healthy)
Washington Capitals
5 vs 5 Forward
Center Left Wing Right Wing Time % Phy DF OF
1 Nico Hischier Alex Ovechkin Jason Robertson 40 1 1 3
2 Nick Foligno Brad Marchand Jordan Kyrou 30 1 1 3
3 Michael McLeod Drake Batherson Owen Tippett 20 1 1 3
4 Derek Ryan Yegor Chinakhov Fabian Zetterlund 10 1 1 3
5 vs 5 Defense
Defense Defense Time % Phy DF OF
1 John Carlson Jamie Oleksiak 37 2 3 0
2 David Savard Thomas Harley 35 2 3 0
3 Ian Cole Vladislav Gavrikov 28 2 3 0
4 John Carlson David Savard 0 2 3 0
PowerPlay Forward
Center Left Wing Right Wing Time % Phy DF OF
1 Nico Hischier Alex Ovechkin Jason Robertson 60 1 2 2
2 Nick Foligno Owen Tippett Jordan Kyrou 40 1 2 2
PowerPlay Defense
Defense Defense Time % Phy DF OF
1 John Carlson Thomas Harley 60 1 2 2
2 Vladislav Gavrikov David Savard 40 1 2 2
Penalty Kill 4 Players Forward
Center Wing Time % Phy DF OF
1 Michael McLeod Brad Marchand 60 1 2 2
2 Derek Ryan Fabian Zetterlund 40 1 2 2
Penalty Kill 4 Players Defense
Defense Defense Time % Phy DF OF
1 David Savard Jamie Oleksiak 60 1 2 2
2 Vladislav Gavrikov Ian Cole 40 1 2 2
Penalty Kill - 3 Players Forward
Forward Time % Phy DF OF
1 Michael McLeod 60 1 2 2
2 Derek Ryan 40 1 2 2
Penalty Kill - 3 Players Defense
Defense Defense Time % Phy DF OF
1 David Savard Jamie Oleksiak 60 1 2 2
2 Vladislav Gavrikov Ian Cole 40 1 2 2
4 vs 4 Forward
Center Wing Time % Phy DF OF
1 Nico Hischier Alex Ovechkin 60 1 2 2
2 Nick Foligno Jason Robertson 40 1 2 2
4 vs 4 Defense
Defense Defense Time % Phy DF OF
1 John Carlson Thomas Harley 60 1 2 2
2 Vladislav Gavrikov David Savard 40 1 2 2
Last Minutes Offensive
Center Left Wing Right Wing Defense Defense
Nico Hischier Alex Ovechkin Jason Robertson John Carlson Thomas Harley
Last Minutes Defensive
Center Left Wing Right Wing Defense Defense
Michael McLeod Brad Marchand Nick Foligno John Carlson Jamie Oleksiak
Goaltenders
Starting : Jake Oettinger
Backup : Sergei Bobrovsky
Extra Forwards
Normal : Owen Tippett, Drake Batherson, Jordan Kyrou - PP : Owen Tippett, Fabian Zetterlund - PK : Fabian Zetterlund
Extra Defensemen
Normal : Thomas Harley, Jamie Oleksiak, Ian Cole - PP : David Savard - PK : Jamie Oleksiak, Thomas Harley
Penalty Shots
Jason Robertson, Drake Batherson, Derek Ryan, Yegor Chinakhov, David Savard
Scratches
Erik Johnson (Healthy), Stefan Noesen (Healthy), Nick Jensen (Healthy)
% Time on Ice - Vancouver Canucks
Lines # - Real PCT - Wanted PCT - Time Play
Normal Forward
1 - 33% - 30% - 15:20
2 - 26% - 30% - 12:27
3 - 23% - 25% - 10:36
4 - 18% - 15% - 8:37
Normal Defense
1 - 30% - 30% - 14:17
2 - 34% - 30% - 16:01
3 - 25% - 25% - 11:47
4 - 10% - 15% - 4:55
PP Forward
1 - 53% - 50% - 2:42
2 - 47% - 50% - 2:22
PP Defense
1 - 52% - 50% - 2:38
2 - 48% - 50% - 2:26
PK Forward
1 - 50% - 50% - 3:59
2 - 50% - 50% - 3:57
PK Defense
1 - 57% - 50% - 4:33
2 - 43% - 50% - 3:23
PK3 Forward
1 - 0% - 50%
2 - 0% - 50%
PK3 Defense
1 - 0% - 50%
2 - 0% - 50%
44 Forward
1 - 0% - 50%
2 - 0% - 50%
44 Defense
1 - 0% - 50%
2 - 0% - 50%
Last Minute Offensive - 0:00
Last Minute Defensive - 0:00
Total
Forward - 60:00
Defense - 60:00
|
% Time on Ice - Washington Capitals
Lines # - Real PCT - Wanted PCT - Time Play
Normal Forward
1 - 43% - 40% - 20:14
2 - 23% - 30% - 10:35
3 - 20% - 20% - 9:19
4 - 15% - 10% - 6:52
Normal Defense
1 - 36% - 37% - 17:07
2 - 37% - 35% - 17:16
3 - 27% - 28% - 12:37
4 - 0% - 0% - 0:00
PP Forward
1 - 63% - 60% - 4:59
2 - 37% - 40% - 2:57
PP Defense
1 - 64% - 60% - 5:06
2 - 36% - 40% - 2:50
PK Forward
1 - 86% - 60% - 4:22
2 - 14% - 40% - 0:42
PK Defense
1 - 72% - 60% - 3:40
2 - 28% - 40% - 1:24
PK3 Forward
1 - 0% - 60%
2 - 0% - 40%
PK3 Defense
1 - 0% - 60%
2 - 0% - 40%
44 Forward
1 - 0% - 60%
2 - 0% - 40%
44 Defense
1 - 0% - 60%
2 - 0% - 40%
Last Minute Offensive - 0:00
Last Minute Defensive - 0:00
Total
Forward - 60:00
Defense - 60:00
|
Play-by-Play
1st period
0:01 of 1st period - Jason Robertson wins face-off versus Casey Mittelstadt in neutral zone.
0:04 of 1st period - Anton Lundell is hit by Nico Hischier and loses puck.
0:49 of 1st period - Owen Tippett is hit by Jesse Ylonen and loses puck.
0:57 of 1st period - Off-side.
0:58 of 1st period - Derek Ryan wins face-off versus Nathan Smith in neutral zone.
1:03 of 1st period - Slapshot by Kasperi Kapanen.
1:03 of 1st period - Stopped by Jake Oettinger with a rebound.
1:05 of 1st period - Slapshot by Kasperi Kapanen.
1:05 of 1st period - Shot Misses the Net.
1:07 of 1st period - Slapshot by Jake Bean.
1:07 of 1st period - Stopped by Jake Oettinger with a rebound.
1:09 of 1st period - Slapshot by Jake Bean.
1:09 of 1st period - Shot Misses the Net.
1:11 of 1st period - Snap shot by Jake Bean.
1:11 of 1st period - Stopped by Jake Oettinger with a rebound.
1:13 of 1st period - Slapshot by Justin Schultz.
1:13 of 1st period - Shot Misses the Net.
1:23 of 1st period - Jake Bean is hit by Ian Cole and loses puck.
1:30 of 1st period - Wrist shot by Alex Ovechkin.
1:30 of 1st period - Stopped by Justus Annunen without a rebound.
1:31 of 1st period - Aleksander Barkov wins face-off versus Nick Foligno in Vancouver Canucks zone.
1:39 of 1st period - Off-side.
1:40 of 1st period - Nick Foligno wins face-off versus Aleksander Barkov in neutral zone.
2:03 of 1st period - Slapshot by Brad Marchand.
2:03 of 1st period - Stopped by Justus Annunen without a rebound.
2:04 of 1st period - Jesperi Kotkaniemi wins face-off versus Nico Hischier in Vancouver Canucks zone.
2:41 of 1st period - Derek Ryan is hit by Anton Lundell and loses puck.
2:58 of 1st period - Clayton Keller is hit by Owen Tippett and loses puck.
3:35 of 1st period - Minor Penalty to Mikko Rantanen for Tripping.
3:36 of 1st period - Nico Hischier wins face-off versus Aleksander Barkov in Vancouver Canucks zone.
3:46 of 1st period - Slapshot by Nico Hischier.
3:46 of 1st period - Stopped by Justus Annunen without a rebound.
3:47 of 1st period - Aleksander Barkov wins face-off versus Nico Hischier in Vancouver Canucks zone.
4:57 of 1st period - Casey Mittelstadt is hit by Jason Robertson and loses puck.
5:35 of 1st period - Penalty to Mikko Rantanen is over, Mikko Rantanen is back on ice.
6:05 of 1st period - Off-side.
6:06 of 1st period - Nathan Smith wins face-off versus Michael McLeod in neutral zone.
6:15 of 1st period - Slapshot by Clayton Keller.
6:15 of 1st period - Shot Hit the Post.
6:31 of 1st period - Ian Cole is hit by Mikko Rantanen and loses puck.
6:56 of 1st period - Wrist shot by Owen Tippett.
6:56 of 1st period - Stopped by Justus Annunen without a rebound.
6:57 of 1st period - Nico Hischier wins face-off versus Nathan Smith in Vancouver Canucks zone.
7:26 of 1st period - Derek Ryan is hit by Artturi Lehkonen and loses puck.
7:37 of 1st period - Backhand shot by Anton Lundell.
7:37 of 1st period - Shot Misses the Net.
9:03 of 1st period - Derek Ryan is hit by Nathan Smith and loses puck.
9:46 of 1st period - Ian Cole is hit by Artturi Lehkonen and loses puck.
11:33 of 1st period - Vladislav Gavrikov is hit by Artturi Lehkonen and loses puck.
11:41 of 1st period - Icing by Ian Cole.
11:42 of 1st period - Nick Foligno wins face-off versus Nathan Smith in Washington Capitals zone.
11:49 of 1st period - Backhand shot by Jordan Kyrou.
11:49 of 1st period - Stopped by Justus Annunen with a rebound.
11:53 of 1st period - Snap shot by Brad Marchand.
11:53 of 1st period - Stopped by Justus Annunen with a rebound.
11:55 of 1st period - Wrist shot by Jordan Kyrou.
11:55 of 1st period - Shot Misses the Net.
11:57 of 1st period - Wrist shot by Brad Marchand.
11:57 of 1st period - Stopped by Justus Annunen without a rebound.
11:58 of 1st period - Casey Mittelstadt wins face-off versus Nico Hischier in Vancouver Canucks zone.
12:27 of 1st period - Jason Robertson is hit by Aleksander Barkov and loses puck.
12:52 of 1st period - Snap shot by Nick Foligno.
12:52 of 1st period - Shot Blocked by Jake Bean.
12:54 of 1st period - Snap shot by Nick Foligno.
12:54 of 1st period - Shot Misses the Net.
12:56 of 1st period - Slapshot by Jordan Kyrou.
12:56 of 1st period - Stopped by Justus Annunen with a rebound.
12:58 of 1st period - Wrist shot by Brad Marchand.
12:58 of 1st period - Shot Misses the Net.
13:00 of 1st period - Slapshot by David Savard.
13:00 of 1st period - Stopped by Justus Annunen without a rebound.
13:01 of 1st period - Michael McLeod wins face-off versus Casey Mittelstadt in Vancouver Canucks zone.
13:02 of 1st period - Wrist shot by Drake Batherson.
13:02 of 1st period - Shot Misses the Net.
13:26 of 1st period - Jamie Oleksiak is hit by Jesperi Kotkaniemi and loses puck.
13:37 of 1st period - Wrist shot by Jordan Kyrou.
13:37 of 1st period - Shot Misses the Net.
13:51 of 1st period - Wrist shot by Aleksander Barkov.
13:51 of 1st period - Stopped by Jake Oettinger with a rebound.
13:53 of 1st period - Backhand shot by Mikko Rantanen.
13:53 of 1st period - Goal by Mikko Rantanen - Vancouver Canucks : 1 - Washington Capitals : 0.
13:54 of 1st period - Casey Mittelstadt wins face-off versus Nico Hischier in neutral zone.
14:21 of 1st period - Brad Marchand is hit by Jesperi Kotkaniemi and loses puck.
14:47 of 1st period - Owen Tippett is hit by Aleksander Barkov and loses puck.
15:04 of 1st period - Snap shot by Alex Ovechkin.
15:04 of 1st period - Shot Misses the Net.
15:26 of 1st period - Wrist shot by Yegor Chinakhov.
15:26 of 1st period - Deflect By Fabian Zetterlund.
15:26 of 1st period - Shot Blocked by Jake Bean.
15:26 of 1st period - Puck is out of play.
15:27 of 1st period - Nathan Smith wins face-off versus Derek Ryan in Vancouver Canucks zone.
15:44 of 1st period - Derek Ryan is hit by Jake Bean and loses puck.
15:53 of 1st period - Snap shot by Clayton Keller.
15:53 of 1st period - Shot Misses the Net.
15:55 of 1st period - Slapshot by Nathan Smith.
15:55 of 1st period - Shot Blocked by Thomas Harley.
16:13 of 1st period - Wrist shot by Clayton Keller.
16:13 of 1st period - Goal by Clayton Keller - Vancouver Canucks : 2 - Washington Capitals : 0.
16:14 of 1st period - Casey Mittelstadt wins face-off versus Nico Hischier in neutral zone.
16:17 of 1st period - Wrist shot by Artturi Lehkonen.
16:17 of 1st period - Shot Blocked by John Carlson.
16:25 of 1st period - Snap shot by Jason Robertson.
16:25 of 1st period - Goal by Jason Robertson - Vancouver Canucks : 2 - Washington Capitals : 1.
16:26 of 1st period - Casey Mittelstadt wins face-off versus Nico Hischier in neutral zone.
16:52 of 1st period - Jesperi Kotkaniemi is hit by Brad Marchand and loses puck.
17:03 of 1st period - Slapshot by Robby Fabbri.
17:03 of 1st period - Shot Misses the Net.
17:23 of 1st period - Snap shot by Owen Tippett.
17:23 of 1st period - Deflect By Drake Batherson.
17:23 of 1st period - Shot Misses the Net.
17:23 of 1st period - Puck is out of play.
17:24 of 1st period - Anton Lundell wins face-off versus Jason Robertson in Vancouver Canucks zone.
17:24 of 1st period - Anton Lundell is hit by David Savard.
17:40 of 1st period - Slapshot by Casey Mittelstadt.
17:40 of 1st period - Stopped by Jake Oettinger with a rebound.
18:22 of 1st period - Snap shot by Clayton Keller.
18:22 of 1st period - Stopped by Jake Oettinger with a rebound.
18:24 of 1st period - Wrist shot by Adam Boqvist.
18:24 of 1st period - Shot Misses the Net.
18:26 of 1st period - Slapshot by Adam Boqvist.
18:26 of 1st period - Shot Blocked by Owen Tippett.
18:42 of 1st period - Snap shot by Artturi Lehkonen.
18:42 of 1st period - Shot Misses the Net.
18:44 of 1st period - Slapshot by Noah Hanifin.
18:44 of 1st period - Shot Blocked by Vladislav Gavrikov.
18:46 of 1st period - Wrist shot by Artturi Lehkonen.
18:46 of 1st period - Shot Misses the Net.
19:18 of 1st period - Wrist shot by Taylor Raddysh.
19:18 of 1st period - Deflect By Robby Fabbri.
19:18 of 1st period - Stopped by Jake Oettinger with a rebound.
19:20 of 1st period - Wrist shot by Jake Bean.
19:20 of 1st period - Shot Blocked by Ian Cole.
19:22 of 1st period - Wrist shot by Taylor Raddysh.
19:22 of 1st period - Shot Blocked by Brad Marchand.
19:24 of 1st period - Slapshot by Justin Schultz.
19:24 of 1st period - Stopped by Jake Oettinger with a rebound.
19:26 of 1st period - Slapshot by Jake Bean.
19:26 of 1st period - Shot Misses the Net.
19:28 of 1st period - Slapshot by Jake Bean.
19:28 of 1st period - Deflect By Taylor Raddysh.
19:28 of 1st period - Goal by Taylor Raddysh - Vancouver Canucks : 3 - Washington Capitals : 1.
19:29 of 1st period - Nico Hischier wins face-off versus Casey Mittelstadt in neutral zone.
19:37 of 1st period - Wrist shot by Anton Lundell.
19:37 of 1st period - Stopped by Jake Oettinger without a rebound.
19:38 of 1st period - Casey Mittelstadt wins face-off versus Nico Hischier in Washington Capitals zone.
19:41 of 1st period - Wrist shot by Artturi Lehkonen.
19:41 of 1st period - Shot Misses the Net.
19:43 of 1st period - Wrist shot by Artturi Lehkonen.
19:43 of 1st period - Goal by Artturi Lehkonen - Vancouver Canucks : 4 - Washington Capitals : 1.
19:44 of 1st period - Nico Hischier wins face-off versus Aleksander Barkov in neutral zone.
19:47 of 1st period - Wrist shot by Aleksander Barkov.
19:47 of 1st period - Shot Blocked by John Carlson.
Goals for this period are 4 for Vancouver Canucks vs 1 for Washington Capitals.
Shots for this period are 13 for Vancouver Canucks vs 10 for Washington Capitals.
2nd period
0:01 of 2nd period - Jesperi Kotkaniemi wins face-off versus Nico Hischier in neutral zone.
0:14 of 2nd period - Wrist shot by Robby Fabbri.
0:14 of 2nd period - Stopped by Jake Oettinger without a rebound.
0:15 of 2nd period - Nick Foligno wins face-off versus Casey Mittelstadt in Washington Capitals zone.
0:34 of 2nd period - Nick Foligno is hit by Anton Lundell and loses puck.
0:48 of 2nd period - Off-side.
0:49 of 2nd period - Aleksander Barkov wins face-off versus Nico Hischier in neutral zone.
1:10 of 2nd period - Wrist shot by Jason Robertson.
1:10 of 2nd period - Stopped by Justus Annunen with a rebound.
1:22 of 2nd period - Snap shot by Alex Ovechkin.
1:22 of 2nd period - Stopped by Justus Annunen without a rebound.
1:23 of 2nd period - Nick Foligno wins face-off versus Jesperi Kotkaniemi in Vancouver Canucks zone.
1:37 of 2nd period - Snap shot by Robby Fabbri.
1:37 of 2nd period - Shot Blocked by Jordan Kyrou.
2:03 of 2nd period - Minor Penalty to Casey Mittelstadt for Unsportsmanlike conduct.
2:04 of 2nd period - Nico Hischier wins face-off versus Aleksander Barkov in Vancouver Canucks zone.
2:04 of 2nd period - Slapshot by Alex Ovechkin.
2:04 of 2nd period - Shot Misses the Net.
2:06 of 2nd period - Slapshot by John Carlson.
2:06 of 2nd period - Shot Blocked by Miro Heiskanen.
2:08 of 2nd period - Slapshot by Nico Hischier.
2:08 of 2nd period - Shot Misses the Net.
2:10 of 2nd period - Snap shot by Nico Hischier.
2:10 of 2nd period - Shot Misses the Net.
2:12 of 2nd period - Slapshot by John Carlson.
2:12 of 2nd period - Stopped by Justus Annunen without a rebound.
2:13 of 2nd period - Aleksander Barkov wins face-off versus Nico Hischier in Vancouver Canucks zone.
2:40 of 2nd period - Aleksander Barkov is hit by Jason Robertson.
4:03 of 2nd period - Penalty to Casey Mittelstadt is over, Casey Mittelstadt is back on ice.
5:08 of 2nd period - Snap shot by Nico Hischier.
5:08 of 2nd period - Stopped by Justus Annunen without a rebound.
5:09 of 2nd period - Casey Mittelstadt wins face-off versus Nick Foligno in Vancouver Canucks zone.
5:24 of 2nd period - Snap shot by Nick Foligno.
5:24 of 2nd period - Stopped by Justus Annunen without a rebound.
5:25 of 2nd period - Michael McLeod wins face-off versus Aleksander Barkov in Vancouver Canucks zone.
5:30 of 2nd period - Snap shot by Drake Batherson.
5:30 of 2nd period - Shot Misses the Net.
5:32 of 2nd period - Slapshot by Ian Cole.
5:32 of 2nd period - Stopped by Justus Annunen without a rebound.
5:33 of 2nd period - Owen Tippett wins face-off versus Aleksander Barkov in Vancouver Canucks zone.
6:08 of 2nd period - Backhand shot by Artturi Lehkonen.
6:08 of 2nd period - Stopped by Jake Oettinger without a rebound.
6:09 of 2nd period - Taylor Raddysh wins face-off versus Michael McLeod in Washington Capitals zone.
6:21 of 2nd period - Minor Penalty to Robby Fabbri for High sticking.
6:22 of 2nd period - Aleksander Barkov wins face-off versus Nick Foligno in Vancouver Canucks zone.
8:21 of 2nd period - Penalty to Robby Fabbri is over, Robby Fabbri is back on ice.
8:36 of 2nd period - Wrist shot by Clayton Keller.
8:36 of 2nd period - Shot Blocked by Derek Ryan.
8:52 of 2nd period - Brad Marchand is hit by Taylor Raddysh.
9:34 of 2nd period - Jamie Oleksiak is hit by Robby Fabbri and loses puck.
9:57 of 2nd period - Snap shot by Aleksander Barkov.
9:57 of 2nd period - Shot Blocked by Fabian Zetterlund.
9:59 of 2nd period - Slapshot by Aleksander Barkov.
9:59 of 2nd period - Shot Blocked by Derek Ryan.
10:01 of 2nd period - Snap shot by Aleksander Barkov.
10:01 of 2nd period - Stopped by Jake Oettinger without a rebound.
10:02 of 2nd period - Michael McLeod wins face-off versus Aleksander Barkov in Washington Capitals zone.
10:13 of 2nd period - Adam Boqvist is hit by Drake Batherson and loses puck.
11:31 of 2nd period - Off-side.
11:32 of 2nd period - Nico Hischier wins face-off versus Casey Mittelstadt in neutral zone.
11:38 of 2nd period - Icing by Artturi Lehkonen.
11:39 of 2nd period - Nico Hischier wins face-off versus Artturi Lehkonen in Vancouver Canucks zone.
11:49 of 2nd period - Off-side.
11:50 of 2nd period - Nico Hischier wins face-off versus Casey Mittelstadt in neutral zone.
12:01 of 2nd period - Snap shot by Noah Hanifin.
12:01 of 2nd period - Stopped by Jake Oettinger without a rebound.
12:02 of 2nd period - Taylor Raddysh wins face-off versus Nico Hischier in Washington Capitals zone.
12:09 of 2nd period - Wrist shot by Robby Fabbri.
12:09 of 2nd period - Stopped by Jake Oettinger without a rebound.
12:10 of 2nd period - Nico Hischier wins face-off versus Taylor Raddysh in Washington Capitals zone.
12:12 of 2nd period - Minor Penalty to David Savard for Roughing.
12:13 of 2nd period - Michael McLeod wins face-off versus Aleksander Barkov in Washington Capitals zone.
12:23 of 2nd period - Slapshot by Thomas Harley.
12:23 of 2nd period - Deflect By Brad Marchand.
12:23 of 2nd period - Goal by Brad Marchand - Vancouver Canucks : 4 - Washington Capitals : 2.
12:24 of 2nd period - Casey Mittelstadt wins face-off versus Michael McLeod in neutral zone.
12:39 of 2nd period - Slapshot by Brad Marchand.
12:39 of 2nd period - Shot Misses the Net.
12:55 of 2nd period - Snap shot by Adam Boqvist.
12:55 of 2nd period - Shot Blocked by Michael McLeod.
12:57 of 2nd period - Wrist shot by Mikko Rantanen.
12:57 of 2nd period - Shot Misses the Net.
12:59 of 2nd period - Slapshot by Adam Boqvist.
12:59 of 2nd period - Stopped by Jake Oettinger with a rebound.
13:01 of 2nd period - Snap shot by Clayton Keller.
13:01 of 2nd period - Shot Blocked by Michael McLeod.
13:15 of 2nd period - Snap shot by Derek Ryan.
13:15 of 2nd period - Goal by Derek Ryan - Vancouver Canucks : 4 - Washington Capitals : 3.
13:16 of 2nd period - Michael McLeod wins face-off versus Aleksander Barkov in neutral zone.
13:27 of 2nd period - Snap shot by Noah Hanifin.
13:27 of 2nd period - Goal by Noah Hanifin - Vancouver Canucks : 5 - Washington Capitals : 3.
13:28 of 2nd period - Nico Hischier wins face-off versus Aleksander Barkov in neutral zone.
13:35 of 2nd period - Snap shot by Nico Hischier.
13:35 of 2nd period - Shot Misses the Net.
13:37 of 2nd period - Wrist shot by Nico Hischier.
13:37 of 2nd period - Stopped by Justus Annunen with a rebound.
13:39 of 2nd period - Slapshot by David Savard.
13:39 of 2nd period - Shot Misses the Net.
13:41 of 2nd period - Snap shot by Alex Ovechkin.
13:41 of 2nd period - Goal by Alex Ovechkin - Vancouver Canucks : 5 - Washington Capitals : 4.
13:42 of 2nd period - Nico Hischier wins face-off versus Casey Mittelstadt in neutral zone.
13:47 of 2nd period - Slapshot by Jason Robertson.
13:47 of 2nd period - Shot Hit the Post.
13:49 of 2nd period - Minor Penalty to Miro Heiskanen for Roughing.
13:50 of 2nd period - Aleksander Barkov wins face-off versus Nico Hischier in Vancouver Canucks zone.
15:46 of 2nd period - Fabian Zetterlund is hit by Casey Mittelstadt and loses puck.
15:49 of 2nd period - Penalty to Miro Heiskanen is over, Miro Heiskanen is back on ice.
16:48 of 2nd period - Snap shot by Aleksander Barkov.
16:48 of 2nd period - Stopped by Jake Oettinger with a rebound.
18:22 of 2nd period - Wrist shot by Artturi Lehkonen.
18:22 of 2nd period - Stopped by Jake Oettinger without a rebound.
18:23 of 2nd period - Casey Mittelstadt wins face-off versus Derek Ryan in Washington Capitals zone.
18:48 of 2nd period - Vladislav Gavrikov is hit by Miro Heiskanen.
19:10 of 2nd period - Adam Boqvist is hit by Nick Foligno and loses puck.
19:31 of 2nd period - Drake Batherson is hit by Clayton Keller and loses puck.
Goals for this period are 1 for Vancouver Canucks vs 3 for Washington Capitals.
Shots for this period are 9 for Vancouver Canucks vs 10 for Washington Capitals.
3rd period
0:01 of 3rd period - Aleksander Barkov wins face-off versus Nico Hischier in neutral zone.
1:10 of 3rd period - Wrist shot by Yegor Chinakhov.
1:10 of 3rd period - Shot Misses the Net.
1:12 of 3rd period - Wrist shot by John Carlson.
1:12 of 3rd period - Shot Misses the Net.
1:32 of 3rd period - Snap shot by Mikko Rantanen.
1:32 of 3rd period - Shot Misses the Net.
1:34 of 3rd period - Slapshot by Jacob Bryson.
1:34 of 3rd period - Shot Blocked by John Carlson.
1:36 of 3rd period - Wrist shot by Aleksander Barkov.
1:36 of 3rd period - Stopped by Jake Oettinger without a rebound.
1:37 of 3rd period - Aleksander Barkov wins face-off versus Alex Ovechkin in Washington Capitals zone.
1:48 of 3rd period - Jesse Ylonen is hit by Alex Ovechkin and loses puck.
2:16 of 3rd period - Minor Penalty to Ian Cole for Interference.
2:17 of 3rd period - Casey Mittelstadt wins face-off versus Michael McLeod in Washington Capitals zone.
2:19 of 3rd period - Snap shot by Casey Mittelstadt.
2:19 of 3rd period - Stopped by Jake Oettinger without a rebound.
2:20 of 3rd period - Michael McLeod wins face-off versus Casey Mittelstadt in Washington Capitals zone.
2:25 of 3rd period - Snap shot by Artturi Lehkonen.
2:25 of 3rd period - Shot Misses the Net.
2:27 of 3rd period - Slapshot by Miro Heiskanen.
2:27 of 3rd period - Shot Misses the Net.
2:29 of 3rd period - Slapshot by Miro Heiskanen.
2:29 of 3rd period - Stopped by Jake Oettinger without a rebound.
2:30 of 3rd period - Mikko Rantanen wins face-off versus Michael McLeod in Washington Capitals zone.
2:40 of 3rd period - Slapshot by Adam Boqvist.
2:40 of 3rd period - Shot Blocked by David Savard.
2:42 of 3rd period - Snap shot by Adam Boqvist.
2:42 of 3rd period - Stopped by Jake Oettinger with a rebound.
3:32 of 3rd period - Wrist shot by Derek Ryan.
3:32 of 3rd period - Stopped by Justus Annunen without a rebound.
3:33 of 3rd period - Derek Ryan wins face-off versus Aleksander Barkov in Vancouver Canucks zone.
4:06 of 3rd period - Wrist shot by Artturi Lehkonen.
4:06 of 3rd period - Deflect By Casey Mittelstadt.
4:06 of 3rd period - Goal by Casey Mittelstadt - Vancouver Canucks : 6 - Washington Capitals : 4.
4:07 of 3rd period - Nico Hischier wins face-off versus Jesperi Kotkaniemi in neutral zone.
4:12 of 3rd period - Snap shot by Nico Hischier.
4:12 of 3rd period - Stopped by Justus Annunen without a rebound.
4:13 of 3rd period - Nico Hischier wins face-off versus Jesperi Kotkaniemi in Vancouver Canucks zone.
4:39 of 3rd period - Slapshot by Miro Heiskanen.
4:39 of 3rd period - Shot Blocked by Brad Marchand.
4:41 of 3rd period - Slapshot by Noah Hanifin.
4:41 of 3rd period - Stopped by Jake Oettinger with a rebound.
4:43 of 3rd period - Snap shot by Artturi Lehkonen.
4:43 of 3rd period - Stopped by Jake Oettinger with a rebound.
4:45 of 3rd period - Slapshot by Miro Heiskanen.
4:45 of 3rd period - Stopped by Jake Oettinger without a rebound.
4:46 of 3rd period - Casey Mittelstadt wins face-off versus Nick Foligno in Washington Capitals zone.
4:49 of 3rd period - Wrist shot by Casey Mittelstadt.
4:49 of 3rd period - Stopped by Jake Oettinger with a rebound.
5:18 of 3rd period - Drake Batherson is hit by Adam Boqvist.
6:07 of 3rd period - Snap shot by Fabian Zetterlund.
6:07 of 3rd period - Shot Blocked by Jacob Bryson.
6:09 of 3rd period - Snap shot by David Savard.
6:09 of 3rd period - Stopped by Justus Annunen without a rebound.
6:10 of 3rd period - Aleksander Barkov wins face-off versus Nick Foligno in Vancouver Canucks zone.
6:48 of 3rd period - Noah Hanifin is hit by Nico Hischier and loses puck.
7:02 of 3rd period - Icing by Thomas Harley.
7:03 of 3rd period - Nathan Smith wins face-off versus Drake Batherson in Washington Capitals zone.
7:19 of 3rd period - Snap shot by Clayton Keller.
7:19 of 3rd period - Stopped by Jake Oettinger without a rebound.
7:20 of 3rd period - Casey Mittelstadt wins face-off versus Nico Hischier in Washington Capitals zone.
7:27 of 3rd period - Wrist shot by Nico Hischier.
7:27 of 3rd period - Stopped by Justus Annunen without a rebound.
7:28 of 3rd period - Casey Mittelstadt wins face-off versus Nico Hischier in Vancouver Canucks zone.
8:07 of 3rd period - Backhand shot by Alex Ovechkin.
8:07 of 3rd period - Stopped by Justus Annunen with a rebound.
8:17 of 3rd period - Wrist shot by Nico Hischier.
8:17 of 3rd period - Stopped by Justus Annunen with a rebound.
8:19 of 3rd period - Snap shot by Alex Ovechkin.
8:19 of 3rd period - Stopped by Justus Annunen without a rebound.
8:20 of 3rd period - Nick Foligno wins face-off versus Aleksander Barkov in Vancouver Canucks zone.
8:23 of 3rd period - Snap shot by Jordan Kyrou.
8:23 of 3rd period - Shot Blocked by Jake Bean.
8:31 of 3rd period - Slapshot by Justin Schultz.
8:31 of 3rd period - Shot Misses the Net.
8:33 of 3rd period - Slapshot by Justin Schultz.
8:33 of 3rd period - Stopped by Jake Oettinger with a rebound.
8:38 of 3rd period - Minor Penalty to Brad Marchand for Interference.
8:39 of 3rd period - Aleksander Barkov wins face-off versus Michael McLeod in Washington Capitals zone.
10:22 of 3rd period - Taylor Raddysh is hit by Drake Batherson and loses puck.
10:38 of 3rd period - Penalty to Brad Marchand is over, Brad Marchand is back on ice.
11:43 of 3rd period - Icing by Adam Boqvist.
11:44 of 3rd period - Nico Hischier wins face-off versus Jesperi Kotkaniemi in Vancouver Canucks zone.
11:51 of 3rd period - Wrist shot by Nico Hischier.
11:51 of 3rd period - Shot Misses the Net.
11:53 of 3rd period - Slapshot by Nico Hischier.
11:53 of 3rd period - Stopped by Justus Annunen without a rebound.
11:54 of 3rd period - Nico Hischier wins face-off versus Aleksander Barkov in Vancouver Canucks zone.
11:59 of 3rd period - Snap shot by Alex Ovechkin.
11:59 of 3rd period - Shot Misses the Net.
12:01 of 3rd period - Slapshot by Ian Cole.
12:01 of 3rd period - Shot Blocked by Miro Heiskanen.
12:03 of 3rd period - Wrist shot by Vladislav Gavrikov.
12:03 of 3rd period - Stopped by Justus Annunen with a rebound.
12:05 of 3rd period - Wrist shot by Nico Hischier.
12:05 of 3rd period - Stopped by Justus Annunen with a rebound.
12:21 of 3rd period - Slapshot by Nico Hischier.
12:21 of 3rd period - Stopped by Justus Annunen with a rebound.
12:29 of 3rd period - Slapshot by Nico Hischier.
12:29 of 3rd period - Stopped by Justus Annunen with a rebound.
12:35 of 3rd period - Alex Ovechkin is hit by Mikko Rantanen and loses puck.
13:00 of 3rd period - Snap shot by Aleksander Barkov.
13:00 of 3rd period - Stopped by Jake Oettinger with a rebound.
13:02 of 3rd period - Slapshot by Noah Hanifin.
13:02 of 3rd period - Stopped by Jake Oettinger without a rebound.
13:03 of 3rd period - Derek Ryan wins face-off versus Nathan Smith in Washington Capitals zone.
13:15 of 3rd period - Off-side.
13:16 of 3rd period - Derek Ryan wins face-off versus Artturi Lehkonen in neutral zone.
13:52 of 3rd period - Slapshot by Taylor Raddysh.
13:52 of 3rd period - Stopped by Jake Oettinger without a rebound.
13:53 of 3rd period - Jesperi Kotkaniemi wins face-off versus Drake Batherson in Washington Capitals zone.
14:18 of 3rd period - Thomas Harley is hit by Jesse Ylonen and loses puck.
14:27 of 3rd period - Snap shot by Aleksander Barkov.
14:27 of 3rd period - Stopped by Jake Oettinger with a rebound.
14:29 of 3rd period - Slapshot by Aleksander Barkov.
14:29 of 3rd period - Shot Blocked by David Savard.
15:09 of 3rd period - Slapshot by John Carlson.
15:09 of 3rd period - Stopped by Justus Annunen with a rebound.
15:11 of 3rd period - Wrist shot by Alex Ovechkin.
15:11 of 3rd period - Stopped by Justus Annunen with a rebound.
15:13 of 3rd period - Wrist shot by Alex Ovechkin.
15:13 of 3rd period - Shot Misses the Net.
15:49 of 3rd period - Brad Marchand is hit by Jesse Ylonen and loses puck.
16:00 of 3rd period - Vladislav Gavrikov is hit by Miro Heiskanen and loses puck.
16:59 of 3rd period - Fabian Zetterlund is hit by Clayton Keller.
17:11 of 3rd period - Nico Hischier is hit by Jake Bean and loses puck.
17:29 of 3rd period - Nico Hischier is hit by Anton Lundell and loses puck.
17:36 of 3rd period - Backhand shot by Artturi Lehkonen.
17:36 of 3rd period - Shot Misses the Net.
17:38 of 3rd period - Snap shot by Artturi Lehkonen.
17:38 of 3rd period - Shot Blocked by Thomas Harley.
17:42 of 3rd period - Slapshot by Casey Mittelstadt.
17:42 of 3rd period - Shot Misses the Net.
17:44 of 3rd period - Slapshot by Jake Bean.
17:44 of 3rd period - Stopped by Jake Oettinger with a rebound.
17:46 of 3rd period - Slapshot by Jake Bean.
17:46 of 3rd period - Shot Blocked by Thomas Harley.
17:48 of 3rd period - Snap shot by Justin Schultz.
17:48 of 3rd period - Shot Blocked by David Savard.
17:56 of 3rd period - Wrist shot by Casey Mittelstadt.
17:56 of 3rd period - Stopped by Jake Oettinger with a rebound.
17:58 of 3rd period - Snap shot by Jake Bean.
17:58 of 3rd period - Deflect By Nico Hischier.
17:58 of 3rd period - Stopped by Jake Oettinger with a rebound.
19:28 of 3rd period - Snap shot by Artturi Lehkonen.
19:28 of 3rd period - Shot Misses the Net.
19:30 of 3rd period - Wrist shot by Artturi Lehkonen.
19:30 of 3rd period - Shot Blocked by Thomas Harley.
19:32 of 3rd period - Slapshot by Justin Schultz.
19:32 of 3rd period - Deflect By Thomas Harley.
19:32 of 3rd period - Stopped by Jake Oettinger without a rebound.
19:33 of 3rd period - Aleksander Barkov wins face-off versus Owen Tippett in Washington Capitals zone.
19:39 of 3rd period - Icing by John Carlson.
19:40 of 3rd period - Aleksander Barkov wins face-off versus Owen Tippett in Washington Capitals zone.
19:47 of 3rd period - Aleksander Barkov is hit by Jordan Kyrou and loses puck.
19:53 of 3rd period - Icing by Miro Heiskanen.
19:54 of 3rd period - Aleksander Barkov wins face-off versus Owen Tippett in Vancouver Canucks zone.
Goals for this period are 1 for Vancouver Canucks vs 0 for Washington Capitals.
Shots for this period are 19 for Vancouver Canucks vs 14 for Washington Capitals.
Back to the Top